 Dungeon Crawl Stone Soup version bcrawl-1.15.1-4-g77d781cab4 (webtiles) character file.

Game seed: 3168459500041559663

1342 MisterOstroum the Magician (level 8, 74/74 HPs)
             Began as a Deep Dwarf Archaeologist on Oct 1, 2019.
             Was a Priest of Elyvilon.
             Quit the game on level 5 of the Dungeon on Oct 5, 2019.
             The game lasted 00:22:02 (5545 turns).

MisterOstroum the Magician (DDAc)                   Turns: 5545, Time: 00:22:03

Health: 74/74      AC: 14    Str: 17    XL:     8   Next: 35%
Magic:  17/17      EV: 13    Int: 15    God:    Elyvilon [***...]
Gold:   416        SH:  0    Dex: 11    Spells: 19/19 levels left

rFire    + . .     SeeInvis .   y - +4 rapier
rCold    + + +     Gourm    .   (no shield)
rNeg     . . .     Faith    .   f - +4 skin of Zhor {+Rage rC+++ Slay+4}
rPois    .         Spirit   .   o - +2 helmet
rElec    .         Reflect  .   (no cloak)
rCorr    .         Harm     .   q - +1 pair of gloves
MR       +....                  d - +2 pair of boots
Stlth    +++.......             t - amulet of the acrobat
HPRegen  0.00/turn              w - ring of protection from fire
MPRegen  0.15/turn              (no ring)

@: non-regenerating
A: damage resistance, sense surroundings 1, no regeneration
a: Lesser Healing, Heal Other, Purification, Divine Protection, Renounce
Religion, Evoke Berserk Rage


You were on level 5 of the Dungeon.
You worshipped Elyvilon.
Elyvilon was most pleased with you.
You were not hungry.

You visited 1 branch of the dungeon, and saw 5 of its levels.
You also visited: Sewer.

You collected 416 gold pieces.

Inventory:

Hand Weapons
 a - a +0 whip
 b - a +0 dagger
 g - a +2 hunting sling of flaming
 y - a +4 rapier (weapon)
 E - a +0 quarterstaff
 I - a +0 trident of venom
Missiles
 c - 773 stones (quivered)
 C - 189 sling bullets
Armour
 d - a +2 pair of boots (worn)
 f - the +4 skin of Zhor (worn) {+Rage rC+++ Slay+4}

   It affects your accuracy and damage with ranged weapons and melee attacks
   (+4).
   It renders you almost immune to cold.
   It lets you go berserk.
 o - a +2 helmet (worn)
 q - a +1 pair of gloves (worn)
Jewellery
 t - an amulet of the acrobat (around neck)
 w - a ring of protection from fire (left hand)
Wands
 B - a wand of acid (7)
Scrolls
 l - 5 scrolls of teleportation {@r3 !r}
 m - 4 scrolls of remove curse {@r2}
 r - 6 scrolls of identify
 s - 3 scrolls of enchant weapon
 x - a scroll of immolation {unknown}
 A - a scroll of enchant armour
 H - a scroll of torment {unknown}
 K - a scroll of magic mapping {unknown}
Potions
 h - a potion of cancellation {unknown}
 i - a potion of agility {unknown}
 j - a potion of magic {unknown}
 k - 2 potions of curing {unknown}
 n - 2 potions of lignification {unknown}
 p - a potion of might {unknown}
 u - 3 potions of heal wounds
 v - a potion of invisibility {unknown}
 z - a potion of resistance {unknown}
 D - 4 potions of flight
 F - 2 potions of mutation {unknown}
 G - a potion of haste {unknown}
Comestibles
 e - 8 rations {!d}
 J - 4 chunks of flesh


   Skills:
 - Level 5.0 Fighting
 * Level 3.8 Short Blades
 - Level 2.0 Maces & Flails
 - Level 4.2 Dodging
 - Level 5.1 Stealth
 - Level 6.3 Spellcasting
 - Level 5.3 Invocations


You had 19 spell levels left.
You didn't know any spells.
Your spell library was empty.

Dungeon Overview and Level Annotations

Branches:
Dungeon (5/12)
 Temple: D:4-7

Altars:
Ashenzari
Nemelex Xobeh
Okawaru
Trog
Vehumet
Yredelemnul

Annotations:
D:5 exclusion: ice beast


Innate Abilities, Weirdness & Mutations

You are resistant to damage.
You passively map a small area around you.
You do not regenerate.


Message History

Aim: a gnoll shaman, wielding a +0 whip and wearing a +0 robe You throw a stone.
The stone hits the gnoll shaman.
The gnoll shaman is lightly wounded.
Throwing (i - inventory)
c - 775 stones (quivered)
Press: ? - help, Shift-Dir - straight line, f/p - gnoll shaman
Aim: a gnoll shaman, wielding a +0 whip and wearing a +0 robe (lightly wounded)
You throw a stone.
The stone hits the gnoll shaman but does no damage.
The gnoll shaman is lightly wounded.
Throwing (i - inventory)
c - 774 stones (quivered)
Press: ? - help, Shift-Dir - straight line, f/p - gnoll shaman
Aim: a gnoll shaman, wielding a +0 whip and wearing a +0 robe (lightly wounded)
You throw a stone.
The stone hits the gnoll shaman but does no damage.
The gnoll shaman is lightly wounded.
No other missiles available.
Use F to throw any item.
Your +0 trident of venom begins to drip with poison!
I - a +0 trident of venom (weapon)
Unknown command.
Attack whom?
Press: ? - help, Dir - move target cursor, f/p - gnoll shaman
Aim: a gnoll shaman, wielding a +0 whip and wearing a +0 robe (lightly wounded)
You reach to attack!
You closely miss the gnoll shaman.
The gnoll shaman is lightly wounded.
You closely miss the gnoll shaman.
The gnoll shaman is lightly wounded.
The gnoll shaman misses you.
Wield which item (- for none, * to show all)? (? for menu, Esc to quit)
Your +0 trident of venom stops dripping with poison.
y - a +3 rapier (weapon)
The gnoll shaman barely misses you.
You puncture the gnoll shaman!
The gnoll shaman is heavily wounded.
The gnoll shaman hits you but does no damage.
You hit the gnoll shaman but do no damage.
The gnoll shaman is heavily wounded.
The gnoll shaman barely misses you.
You puncture the gnoll shaman!
The gnoll shaman is almost dead.
The gnoll shaman mumbles some strange prayers to its god against you.
You resist with almost no effort.
You puncture the gnoll shaman!
You kill the gnoll shaman!
s - 4 scrolls labeled LACWOL SUS PEA (gained 1)
Things that are here:
a +0 whip; a +0 robe An orc comes into view.
It is wielding a +0 short sword.
Found an escape hatch in the floor.
An orc is nearby!
As you read the scroll labeled ONETIG BIRCHAMP, it crumbles to dust.
It is a scroll of identify.
u - 3 potions of heal wounds
As you read the scroll labeled LACWOL SUS PEA, it crumbles to dust.
It is a scroll of enchant weapon.
Your +3 rapier glows red for a moment.
As you read the scroll labeled FOIBRY JEXULI, it crumbles to dust.
It is a scroll of enchant armour.
Your +1 pair of boots glows green for a moment.
The orc completely misses you.
You barely miss the orc. The orc hits you but does no damage.
You puncture the orc!
You kill the orc!
No target in view!
Things that are here:
a +0 short sword; a cursed +0 leather armour; an orc corpse You butcher the orc corpse.
J - 4 chunks of flesh
Things that are here:
a +0 short sword; a cursed +0 leather armour; an orc skeleton An adder comes into view.
Things that are here:
a +0 short sword; a cursed +0 leather armour; an orc skeleton An orc comes into view.
It is wielding a +0 club.
The orc moves out of view.
You barely miss the adder. The adder barely misses you. x2
Unknown command.
You barely miss the adder. The adder closely misses you.
You barely miss the adder. The adder closely misses you.
An orc wizard comes into view. It is wielding a +0 dagger.
The orc wizard shouts!
You hit the adder.
The adder is heavily wounded.
The adder bites you but does no damage.
An orc comes into view. It is wielding a +0 flail.
The orc wizard mumbles some strange words.
The orc wizard flickers and vanishes!
Deactivating autopickup; reactivate with Ctrl-A.
The adder closely misses you.
The orc shouts!
You puncture the adder!
You kill the adder!
You hear a shout!
An orc comes into view. It is wielding a +0 hand axe.
A centaur comes into view.
The orc throws a poisoned tomahawk.
The poisoned tomahawk completely misses you.
The centaur wields a +0 shortbow.
The centaur shoots an arrow.
The arrow misses you.
You see here an adder corpse.
Are you sure you want to abandon this character and quit the game? (Confirm with "yes".)

* * o...... **
c.....o , , , ,
#...... , ,, * ,
...>.o. * .......
* * * #......
#...##
#...@##########
##....).......###
*
##.........)...#
############..##
##..# ###### #..#
####....## #..#
#........# ##.##
#####....###
####..#


You could see a centaur and 3 orcs.

Vanquished Creatures
  Eustachio (D:4)
  A phantom (D:4)
  An ogre (D:3)
  A bullfrog (D:5)
  A water moccasin skeleton (D:3)
  A centaur zombie (D:5)
  3 crimson imps
  A bullfrog zombie (D:5)
  A gnoll shaman (D:5)
  2 hounds
  2 orc priests (D:4)
  6 orc wizards
  A merfolk siren (Sewer)
  2 worker ants
  A merfolk avatar (Sewer)
  2 worker ant zombies (D:5)
  Robin (D:4)
  6 gnolls
  6 adders
  2 worms
  4 dart slugs
  6 leopard geckos
  15 orcs
  3 ball pythons (Sewer)
  3 giant cockroaches
  11 hobgoblins
  6 jackals
  4 quokkas
  5 bats
  12 frilled lizards
  11 goblins
  6 kobolds
  A quokka zombie (D:5)
  23 rats
152 creatures vanquished.

Vanquished Creatures (others)
  A merfolk siren (Sewer)
  2 giant cockroaches
  A ball python (Sewer)
  A frilled lizard (D:2)
5 creatures vanquished.

Grand Total: 157 creatures vanquished

Notes
Turn   | Place    | Note
-------+----------+-------------------------------------------
     0 | D:1      | MisterOstroum the Deep Dwarf Archaeologist began the quest
                  | for the Orb.
     0 | D:1      | Reached XP level 1. HP: 18/18 MP: 1/1
    21 | D:1      | Noticed a minotaur skeleton
   104 | D:1      | Reached XP level 2. HP: 19/25 MP: 2/2
   295 | D:1      | Reached ** piety under Elyvilon
   905 | D:1      | Reached XP level 3. HP: 30/33 MP: 3/3
  1226 | D:2      | Reached skill level 1 in Spellcasting
  1235 | D:2      | Reached skill level 1 in Invocations
  1241 | D:2      | Reached skill level 2 in Spellcasting
  1241 | D:2      | Reached XP level 4. HP: 30/40 MP: 4/7
  1424 | D:2      | Found an iron altar of Okawaru.
  1424 | D:2      | Found a bloodstained altar of Trog.
  1657 | D:2      | Upgraded the game from bcrawl-1.15.1 to
                  | bcrawl-1.15.1-4-g77d781cab4
  1973 | D:3      | Noticed an ogre
  2172 | D:3      | Reached *** piety under Elyvilon
  2207 | D:3      | Reached skill level 3 in Spellcasting
  2207 | D:3      | Reached XP level 5. HP: 44/49 MP: 7/10
  2236 | D:3      | Found a glowing drain.
  2245 | Sewer    | Entered a sewer
  2560 | Sewer    | Reached skill level 4 in Spellcasting
  2888 | D:3      | Reached XP level 6. HP: 48/56 MP: 12/12
  3381 | D:3      | Reached skill level 5 in Spellcasting
  3704 | D:4      | Reached skill level 6 in Spellcasting
  3704 | D:4      | Reached XP level 7. HP: 45/64 MP: 14/16
  3864 | D:4      | Noticed Robin
  3928 | D:4      | Killed Robin
  4007 | D:4      | Noticed Eustachio
  4182 | D:4      | Reached skill level 5 in Invocations
  4380 | D:4      | Found a radiant altar of Vehumet.
  4794 | D:4      | Killed Eustachio
  4794 | D:4      | Reached skill level 1 in Short Blades
  4794 | D:4      | Reached skill level 5 in Stealth
  4794 | D:4      | Reached XP level 8. HP: 55/73 MP: 17/17
  4810 | D:5      | Entered Level 5 of the Dungeon
  5077 | D:5      | Reached skill level 5 in Fighting
  5096 | D:5      | Found a shattered altar of Ashenzari.
  5270 | D:5      | Found a sparkling altar of Nemelex Xobeh.
  5270 | D:5      | Found a basalt altar of Yredelemnul.
  5364 | D:5      | Noticed a troll
  5545 | D:5      | Quit the game

Skill      XL: |  1  2  3  4  5  6  7  8 |
---------------+-------------------------+-----
Fighting       | 2 3 4 5 |  5.0
Maces & Flails | 2 |  2.0
Spellcasting   | 2 3 4 6 |  6.3
Invocations    | 1 2 3 4 5 |  5.3
Short Blades   | 1 3 |  3.8
Dodging        | 4 |  4.2
Stealth        | 5 |  5.1

Action                   |  1- 3 |  4- 6 |  7- 9 || total
-------------------------+-------+-------+-------++-------
Melee: Whip              |    56 |   260 |       ||   316
       Dagger            |   104 |       |       ||   104
       Rapier            |       |    84 |   209 ||   293
       Trident           |       |       |     2 ||     2
Throw: Stone             |       |     1 |     7 ||     8
Invok: Lesser Healing    |     2 |     8 |     9 ||    19
       Heal Other        |       |     4 |     2 ||     6
  Use: Scroll            |     1 |       |     4 ||     5
 Stab: Sleeping          |    13 |     9 |     2 ||    24
       Distracted        |       |     1 |     1 ||     2
  Eat: Chunk             |     1 |    12 |     8 ||    21
Armor: Robe              |    97 |    88 |    50 ||   235
       Animal skin       |       |       |    36 ||    36
Dodge: Dodged            |   141 |   196 |   141 ||   478
